 Dungeon Crawl Stone Soup version 0.30-a0-1094-g860fb061e7 (webtiles) character file.

Game seed: 14040223340224793207

14064 retardedninja the Thaumaturge (level 12, -6/91 HPs)
             Began as a Gnoll Fire Elementalist on Apr 17, 2023.
             Was a High Priest of Cheibriados.
             Mangled by a seven-headed hydra (13 damage)
             ... on level 1 of the Lair of Beasts.
             The game lasted 00:41:00 (19599 turns).

retardedninja the Thaumaturge (GnFE)               Turns: 19599, Time: 00:41:02

Health: -6/91      AC: 11    Str: 22    XL:     12   Next: 12%
Magic:  23/24      EV: 25    Int: 32    God:    Cheibriados [*****.]
Gold:   757        SH:  0    Dex: 27    Spells: 21/28 levels left

rFire   . . .      SeeInvis .    h - +8 demon trident "Rift" {distort, reach+}
rCold   . . .      Faith    .    (no shield)
rNeg    . . .      Spirit   .    a - +2 robe
rPois   .          Reflect  .    (no helmet)
rElec   .          Rampage  .    n - +2 cloak
rCorr   .                        (no gloves)
Will    .....                    (no boots)
Stlth   +++++                    y - amulet of magic regeneration
HPRegen 0.35/turn                s - +4 ring of protection
MPRegen 0.59/turn                w - ring "Milin" {EV+5 Str+2}

@: hasted, slow
A: fangs 1, strong nose, distributed training
a: Renounce Religion, Bend Time, Temporal Distortion, Slouch, Step From Time


You were on level 1 of the Lair of Beasts.
You worshipped Cheibriados.
Cheibriados was extremely pleased with you.
You visited 3 branches of the dungeon, and saw 14 of its levels.
You also visited: Sewer and Ossuary.

You collected 757 gold pieces.

Inventory:

Hand Weapons
 h - the +8 demon trident "Rift" (weapon) {distort, reach+}
   (You found it on level 1 of the Lair of Beasts)
 k - the +8 war axe "Kamo" {flame, Str+5 Int+3 Dex-3 Stlth+}
   (You found it on level 1 of the Lair of Beasts)

   Str:       It affects your strength (+5).
   Int:       It affects your intelligence (+3).
   Dex:       It affects your dexterity (-3).
   Stlth:     It makes you more stealthy.
Missiles
 f - 2 throwing nets
Armour
 a - a +2 robe (worn)
 n - a +2 cloak (worn)
Jewellery
 s - a +4 ring of protection (left hand)
 w - the ring "Milin" (right hand) {EV+5 Str+2}
   (You found it on level 4 of the Dungeon)

   [ring of evasion]

   EV:        It affects your evasion (+5).
   Str:       It affects your strength (+2).
 y - an amulet of magic regeneration (around neck)
 G - an amulet of regeneration
Wands
 d - a wand of charming (5)
 C - a wand of mindburst (11)
 K - a wand of polymorph (6)
Scrolls
 c - 4 scrolls of teleportation
 g - 2 scrolls of immolation {unknown}
 i - 2 scrolls of identify
 m - 3 scrolls of enchant armour
 p - 4 scrolls of blinking {unknown}
 r - 2 scrolls of silence
 t - a scroll of fear {unknown}
 x - a scroll of vulnerability {unknown}
 z - 2 scrolls of magic mapping {unknown}
 B - 2 scrolls of poison {unknown}
 H - a scroll of fog {unknown}
 I - a scroll of amnesia {unknown}
Potions
 b - 2 potions of resistance
 e - 3 potions of attraction
 l - a potion of cancellation
 o - a potion of ambrosia
 q - 4 potions of might
 u - 4 potions of mutation
 v - 2 potions of flight
 D - 2 potions of lignification
 F - a potion of magic
 J - a potion of heal wounds {unknown}
 L - a potion of berserk rage
 N - a potion of invisibility {unknown}
Miscellaneous
 j - a box of beasts (inert)


   Skills:
 + Level 7.2 Fighting
 + Level 7.2 Short Blades
 + Level 7.2 Long Blades
 + Level 7.2 Axes
 + Level 7.2 Maces & Flails
 + Level 7.2 Polearms
 + Level 7.2 Staves
 + Level 7.2 Ranged Weapons
 + Level 7.2 Throwing
 + Level 7.2 Armour
 + Level 8.6 Dodging
 + Level 8.4 Stealth
 + Level 7.2 Shields
 + Level 7.2 Unarmed Combat
 + Level 8.9 Spellcasting
 + Level 6.4 Conjurations
 + Level 6.0 Hexes
 + Level 6.0 Summonings
 + Level 6.0 Necromancy
 + Level 6.0 Translocations
 + Level 6.0 Transmutations
 + Level 8.2 Fire Magic
 + Level 6.0 Ice Magic
 + Level 6.0 Air Magic
 + Level 6.0 Earth Magic
 + Level 6.0 Poison Magic
 + Level 7.9 Invocations
 + Level 7.2 Evocations


You had 21 spell levels left.
You knew the following spells:

 Your Spells              Type           Power      Damage    Failure   Level
a - Foxfire               Conj/Fire      100%       2x1d9     1%          1
b - Scorch                Fire           100%       2d9       1%          2
c - Flame Wave            Conj/Fire      57%        2d14      1%          4

Your spell library contained the following spells:

 Spells                   Type           Power      Damage    Failure   Level
 Magic Dart               Conj           100%       1d8       1%          1
 Call Imp                 Summ           100%       N/A       1%          2
 Inner Flame              Hex/Fire       56%        N/A       1%          3
 Mephitic Cloud           Conj/Pois/Air  52%        N/A       1%          3
 Portal Projectile        Hex/Tloc       100%       N/A       1%          3
 Tukima's Dance           Hex            52%        N/A       1%          3
 Volatile Blastmotes      Fire/Tloc      100%       2d18      1%          3
 Animate Armour           Summ/Erth      100%       N/A       2%          4
 Blade Hands              Tmut           26%        N/A       8%          5
 Iron Shot                Conj/Erth      26%        9d6       38%         6
 Summon Cactus Giant      Summ           26%        N/A       41%         6


Dungeon Overview and Level Annotations

Branches:
Dungeon (11/15)            Temple (1/1) D:5            Lair (2/5) D:9
    Orc (0/2) D:9           Sewer (visited)         Ossuary (visited)
  Swamp: Lair:2-3    Shoals: Lair:2-3     Snake: Lair:2-3    Spider: Lair:2-3

Altars:
Ashenzari
Cheibriados
Dithmenos
Elyvilon
Fedhas
Gozag
Hepliaklqana
Kikubaaqudgha
Makhleb
Nemelex Xobeh
Okawaru
Qazlal
Ru
Sif Muna
Trog
Uskayaw
Vehumet
Wu Jian
Xom
Yredelemnul
Zin
The Shining One

Shops:
D:2 !   D:3 (   D:9 *

Annotations:
D:9 2 transporters
D:11 3 runed translucent doors, TrollFarmer's ghost, journeyman GrEE


Innate Abilities, Weirdness & Mutations

You have very sharp teeth.
Your uncanny sense of smell can sniff out nearby items.
Your experience applies equally to all skills.


Message History

The box is emptied!
The yak is no longer more vulnerable to fire.
Casting: Scorch (safe; 1% risk of failure)
Confirm with . or Enter, or press ? or * to list all spells.
Flames lash the seven-headed hydra.
The seven-headed hydra is moderately wounded.
The seven-headed hydra's fire resistance burns away.
The seven-headed hydra bites you but does no damage. x2
The seven-headed hydra completely misses you. x2
The seven-headed hydra barely misses you.
The seven-headed hydra completely misses you.
The seven-headed hydra closely misses you.
Unknown command.
Unknown command.
You swap places.
The seven-headed hydra bites your juvenile stingshock beast.
The seven-headed hydra barely misses your juvenile stingshock beast.
The seven-headed hydra bites your juvenile stingshock beast! x4
Your juvenile stingshock beast dies!
Your juvenile stingshock beast's corpse disappears in a puff of smoke!
Casting: Scorch (safe; 1% risk of failure)
Confirm with . or Enter, or press ? or * to list all spells.
Flames lash the yak.
The yak is almost dead.
The yak's fire resistance burns away.
The seven-headed hydra barely misses you.
The seven-headed hydra closely misses you.
The seven-headed hydra barely misses you.
The seven-headed hydra completely misses you. x2
The seven-headed hydra bites you but does no damage.
The seven-headed hydra misses you.
Unknown command.
Unknown command.
It was a potion of haste.
You feel yourself speed up.
Cheibriados forgives your accidental hurry, just this once.
The seven-headed hydra bites you!
* * * LOW HITPOINT WARNING * * *
The seven-headed hydra bites you but does no damage.
The seven-headed hydra bites you!
You die...

### ### ##### ##
###.############P###P..#########.
.................................
............................#.#+.
.##.##.#+##...#.>#.###.##...###.#
.#####.#.##..###Y#######....# #.#
..#......##..###D###.####...# #..
.##......##...##@.....# #...# #..
.##......##..##.......# #...# #..
.##.#...###).'........# #...# #..
.##.##+.#....############...# ##.
.............## ##....# ##.
..............#########.#...###.'
............................##...
...........................#.....
...........................#...##


You could see a seven-headed hydra (combustible) and a yak (combustible).

Vanquished Creatures
  A two-headed ogre (D:10)
  Sonja (D:11)
  Pikel (D:9)
  Maurice (D:8)
  2 black mambas (Lair:1)
  3 cane toads (Lair:1)
  Maggie (D:8)
  A troll (D:10)
  A hornet (D:10)
  Grinder (D:4)
  3 blink frogs (Lair:1)
  A water elemental (D:11)
  17 yaks
  A wyvern (Lair:1)
  A basilisk (Lair:1)
  A wraith (D:11)
  2 steam dragons (D:8)
  4 vampire mosquitoes (D:11)
  Edmund (D:4)
  2 acid dragons
  3 water moccasins
  Pargi (Sewer)
  An orc warrior (D:7)
  3 ice beasts (D:6)
  2 sky beasts (D:6)
  2 ogres
  3 centaurs
  A lemure (D:9)
  A phantom (D:4)
  A kobold brigand (D:11)
  4 bullfrogs
  4 gnoll sergeants
  4 scorpions
  7 wights (D:6)
  13 killer bees
  4 electric eels (D:11)
  5 howler monkeys (D:11)
  6 hounds
  2 jellies
  3 gnoll boudas
  2 orc priests (D:6)
  A sleepcap (D:6)
  Natasha (D:3)
  7 iguanas
  3 orc wizards
  13 mummies (Ossuary)
  28 gnolls
  5 adders
  A shadow imp (D:6)
  4 white imps
  3 ufetubi
  3 worms
  4 dart slugs
  26 orcs
  5 ball pythons
  6 endoplasms
  4 giant cockroaches
  4 goblins
  5 hobgoblins
  12 jackals
  13 kobolds
  A quokka (D:4)
  4 bats
  2 frilled lizards
  A gnoll skeleton (Ossuary)
  2 goblin skeletons (Ossuary)
  4 kobold skeletons (Ossuary)
  An orc skeleton (Ossuary)
  4 rats
  11 rat skeletons (Ossuary)
296 creatures vanquished.

Vanquished Creatures (collateral kills)
  Prince Ribbit (D:9)
  3 gnolls
  A dart slug (D:4)
  3 jackals (D:4)
  5 foxfires (D:3)
13 creatures vanquished.

Vanquished Creatures (others)
  A centaur (D:8)
  A sleepcap (D:6)
  A gnoll (D:9)
  1026 foxfires
  5 fungi (D:10)
  7 plants
1041 creatures vanquished.

Grand Total: 1350 creatures vanquished

Notes
Turn   | Place    | Note
-------+----------+-------------------------------------------
     0 | D:1      | retardedninja the Gnoll Fire Elementalist began the quest
                  | for the Orb.
     0 | D:1      | Reached XP level 1. HP: 13/13 MP: 6/6
   301 | D:1      | Reached XP level 2. HP: 19/19 MP: 3/7
  1437 | D:2      | Reached skill level 5 in Spellcasting
  1437 | D:2      | Reached XP level 3. HP: 19/25 MP: 3/9
  1758 | D:2      | Learned a level 2 spell: Scorch
  1827 | D:2      | Reached skill level 1 in Invocations
  1922 | D:2      | Found Hoir's Distillery.
  2257 | D:2      | Reached skill level 1 in Fighting
  2257 | D:2      | Reached skill level 1 in Short Blades
  2257 | D:2      | Reached skill level 1 in Long Blades
  2257 | D:2      | Reached skill level 1 in Axes
  2257 | D:2      | Reached skill level 1 in Maces & Flails
  2257 | D:2      | Reached skill level 1 in Polearms
  2257 | D:2      | Reached skill level 1 in Staves
  2257 | D:2      | Reached skill level 1 in Ranged Weapons
  2257 | D:2      | Reached skill level 1 in Throwing
  2257 | D:2      | Reached skill level 1 in Armour
  2257 | D:2      | Reached skill level 1 in Shields
  2257 | D:2      | Reached skill level 1 in Unarmed Combat
  2257 | D:2      | Reached skill level 1 in Evocations
  2814 | D:2      | Reached XP level 4. HP: 32/32 MP: 8/11
  2843 | D:2      | Found a faded altar of an unknown god.
  3274 | D:3      | Reached skill level 1 in Hexes
  3274 | D:3      | Reached skill level 1 in Summonings
  3274 | D:3      | Reached skill level 1 in Necromancy
  3274 | D:3      | Reached skill level 1 in Translocations
  3274 | D:3      | Reached skill level 1 in Transmutations
  3274 | D:3      | Reached skill level 1 in Ice Magic
  3274 | D:3      | Reached skill level 1 in Air Magic
  3274 | D:3      | Reached skill level 1 in Earth Magic
  3274 | D:3      | Reached skill level 1 in Poison Magic
  3358 | D:3      | Found Izyvumyo's Weapon Emporium.
  3431 | D:3      | Found a large runed translucent door.
  3431 | D:3      | Found a large runed translucent door.
  4109 | D:3      | Found a hide-covered altar of Uskayaw.
  4117 | D:3      | Found a bloodstained altar of Trog.
  4205 | D:4      | Noticed an ogre
  4205 | D:4      | Noticed a scorpion
  4240 | D:4      | Noticed Natasha
  4248 | D:3      | Killed Natasha
  4249 | D:3      | Reached XP level 5. HP: 14/37 MP: 6/12
  4536 | D:4      | Noticed an ogre
  4992 | D:3      | Killed an ogre
  5057 | D:4      | Reached XP level 6. HP: 29/44 MP: 7/14
  5082 | D:4      | Reached skill level 5 in Dodging
  5225 | D:4      | Reached XP level 7. HP: 50/50 MP: 9/15
  5408 | D:4      | Noticed Edmund
  5409 | D:4      | Identified the ring "Milin" {EV+5 Str+2}
  5444 | D:4      | Killed Edmund
  5665 | D:4      | Reached skill level 5 in Stealth
  5794 | D:4      | Noticed Grinder
  5798 | D:4      | Paralysed by Grinder for 3 turns
  5808 | D:4      | Killed Grinder
  5912 | D:4      | Reached XP level 8. HP: 58/58 MP: 13/16
  6168 | D:5      | Entered Level 5 of the Dungeon
  6168 | D:5      | Found an iron altar of Okawaru.
  6346 | D:5      | Found a staircase to the Ecumenical Temple.
  6406 | Temple   | Entered the Ecumenical Temple
  6422 | Temple   | Became a worshipper of Cheibriados the Contemplative
  7220 | D:6      | Found a glowing drain.
  7232 | Sewer    | Entered a sewer
  7341 | Sewer    | Noticed Pargi
  7347 | Sewer    | Killed Pargi
  7865 | D:6      | Reached * piety under Cheibriados
  8002 | D:6      | Reached XP level 9. HP: 50/65 MP: 12/18
  8199 | D:6      | Identified the +10 broad axe of Ceczegh {vamp, rF+ rC+
                  | Will+ Int-5}
  9084 | D:6      | Reached ** piety under Cheibriados
  9368 | D:6      | Learned a level 4 spell: Flame Wave
  9542 | D:6      | Reached skill level 5 in Invocations
 10425 | D:7      | HP: 3/67 [orc warrior/+0 halberd (14)]
 11205 | D:7      | Found a shimmering blue altar of Sif Muna.
 11205 | D:7      | Found a shadowy altar of Dithmenos.
 11537 | D:8      | Identified the +8 quarterstaff of Jofucs {drain, rN+++ MP+9
                  | Str+2 Dex-4}
 11555 | D:8      | Reached skill level 5 in Fighting
 11555 | D:8      | Reached skill level 5 in Short Blades
 11555 | D:8      | Reached skill level 5 in Long Blades
 11555 | D:8      | Reached skill level 5 in Axes
 11555 | D:8      | Reached skill level 5 in Maces & Flails
 11555 | D:8      | Reached skill level 5 in Polearms
 11555 | D:8      | Reached skill level 5 in Staves
 11555 | D:8      | Reached skill level 5 in Ranged Weapons
 11555 | D:8      | Reached skill level 5 in Throwing
 11555 | D:8      | Reached skill level 5 in Armour
 11555 | D:8      | Reached skill level 5 in Shields
 11555 | D:8      | Reached skill level 5 in Unarmed Combat
 11555 | D:8      | Reached skill level 5 in Evocations
 11568 | D:8      | Reached XP level 10. HP: 67/74 MP: 13/20
 11702 | D:8      | Found a sand-covered staircase.
 11707 | Ossuary  | Entered an ossuary
 11808 | Ossuary  | Reached *** piety under Cheibriados
 12368 | D:8      | Noticed Maurice
 12391 | D:8      | Killed Maurice
 12534 | D:8      | Reached skill level 5 in Conjurations
 13072 | D:8      | Found a glowing silver altar of Zin.
 13355 | D:8      | Noticed Maggie
 13370 | D:8      | Killed Maggie
 13953 | D:9      | Identified the +3 short sword "Alaafutt" {flame, +Blink rF+
                  | rN+ Will+ Dex-2}
 13970 | D:9      | Found a staircase to the Lair.
 13976 | D:9      | Noticed Prince Ribbit
 14003 | D:9      | Killed Prince Ribbit
 14441 | D:9      | Noticed Pikel
 14444 | D:9      | Reached **** piety under Cheibriados
 14449 | D:9      | Killed Pikel
 14713 | D:9      | Found a sparkling altar of Nemelex Xobeh.
 14729 | D:9      | Found a staircase to the Orcish Mines.
 14840 | D:9      | Found a white marble altar of Elyvilon.
 14863 | D:9      | Found a transporter.
 14863 | D:9      | Noticed a boulder beetle
 14866 | D:9      | Found a transporter.
 14959 | D:9      | Reached skill level 5 in Hexes
 14959 | D:9      | Reached skill level 5 in Summonings
 14959 | D:9      | Reached skill level 5 in Necromancy
 14959 | D:9      | Reached skill level 5 in Translocations
 14959 | D:9      | Reached skill level 5 in Transmutations
 14959 | D:9      | Reached skill level 5 in Ice Magic
 14959 | D:9      | Reached skill level 5 in Air Magic
 14959 | D:9      | Reached skill level 5 in Earth Magic
 14959 | D:9      | Reached skill level 5 in Poison Magic
 15145 | D:9      | Found Dipuga's General Store.
 15223 | D:9      | Found an ornate altar of the Wu Jian Council.
 15271 | D:10     | Entered Level 10 of the Dungeon
 15303 | D:10     | Noticed a two-headed ogre
 15309 | D:10     | Killed a two-headed ogre
 15310 | D:10     | Reached XP level 11. HP: 81/81 MP: 16/23
 15331 | D:10     | Found a stormy altar of Qazlal.
 15347 | D:10     | Found a blossoming altar of Fedhas.
 15470 | D:10     | You fall into a shaft and drop 1 floor!
 16837 | D:11     | Noticed Sonja
 16856 | D:11     | Killed Sonja
 16856 | D:11     | Reached ***** piety under Cheibriados
 17694 | D:11     | Noticed TrollFarmer's ghost (journeyman GrEE)
 17701 | D:11     | Found a runed translucent gate.
 17702 | D:11     | Found a runed translucent gate.
 17708 | D:11     | Found a runed translucent gate.
 17971 | Lair:1   | Entered Level 1 of the Lair of Beasts
 18505 | Lair:1   | Found the +8 demon trident "Rift" {distort, reach+}
 18770 | Lair:1   | Reached XP level 12. HP: 91/91 MP: 12/24
 19351 | Lair:1   | Identified the +8 war axe "Kamo" {flame, Str+5 Int+3 Dex-3
                  | Stlth+}
 19579 | Lair:2   | Noticed a seven-headed hydra
 19599 | Lair:1   | Mangled by a seven-headed hydra

Illustrated notes

Levels and vault maps discovered:
D:1:      dpeg_arrival_rhombi, layout_basic
D:2:      layout_basic, basic_ecumenical_altar, serial_shops,
          nicolae_shop_competitors_out_of_business
D:3:      layout_loops_cross, jmf_multi_god_temple2, serial_bayou,
          serial_bayou_pond_e, serial_bayou_pond_d, serial_bayou_ford_a,
          serial_bayou_lagoon_b, serial_shops, nicolae_diamond_shop,
          minmay_misc_feat_room, corexii_leaking_fountain, minivault_19
D:4:      layout_rooms, hangedman_decor_points, uniq_edmund, uniq_grinder,
          uniq_natasha
D:5:      layout_basic, okawaru_trees_2, minmay_temple_entry_junction
D:6:      layout_loops_ring, cheibrodos_sewer_entry_drain, minivault_19,
          minmay_joined_circles
D:7:      layout_cave_pools, mainiacjoe_overflow_large_starburst, minmay_bent
D:8:      layout_layer_cave, mainiacjoe_overflow_alcove_4, enter_ossuary_2,
          hangedman_decor_opposing, serial_park_tiny_1, uniq_maurice,
          uniq_maggie
D:9:      gammafunk_boulding_lane, layout_basic, nzn_wu_jian_council_hall,
          nicolae_overflow_crystal_walls, general_overflow_altar,
          lair_entry_dummy, orc_0_dummy, serial_shops, nicolae_shop_stone,
          uniq_pikel, uniq_prince_ribbit1
D:10:     layout_roguey, grunt_temple_overflow_forces_of_nature,
          minmay_variable_closet
D:11:     layout_basic, biasface_ghost_orc_armoury, gauntlet_entry_generic,
          uniq_sonja
Temple:   minmay_freezing_vapour_temple
Lair:1:   layout_regular_city, grunt_megastairs_2
Lair:2:   layout_small_grid, swamp_mist_pool,
          nicolae_spider_entry_lesser_pyramids, uniq_gastronok

Skill      XL: |  1  2  3  4  5  6  7  8  9 10 11 12 |
---------------+-------------------------------------+-----
Conjurations   | 2 3 4 5 6 |  6.4
Spellcasting   | 5 6 7 8 |  8.9
Invocations    | 1 2 3 4 5 6 7 |  7.9
Fighting       | 1 2 3 5 6 7 |  7.2
Short Blades   | 1 2 3 5 6 7 |  7.2
Long Blades    | 1 2 3 5 6 7 |  7.2
Axes           | 1 2 3 5 6 7 |  7.2
Maces & Flails | 1 2 3 5 6 7 |  7.2
Polearms       | 1 2 3 5 6 7 |  7.2
Staves         | 1 2 3 5 6 7 |  7.2
Ranged Weapons | 1 2 3 5 6 7 |  7.2
Throwing       | 1 2 3 5 6 7 |  7.2
Armour         | 1 2 3 5 6 7 |  7.2
Shields        | 1 2 3 5 6 7 |  7.2
Unarmed Combat | 1 2 3 5 6 7 |  7.2
Evocations     | 1 2 3 5 6 7 |  7.2
Hexes          | 1 2 3 4 5 6 |  6.0
Summonings     | 1 2 3 4 5 6 |  6.0
Necromancy     | 1 2 3 4 5 6 |  6.0
Translocations | 1 2 3 4 5 6 |  6.0
Transmutations | 1 2 3 4 5 6 |  6.0
Ice Magic      | 1 2 3 4 5 6 |  6.0
Air Magic      | 1 2 3 4 5 6 |  6.0
Earth Magic    | 1 2 3 4 5 6 |  6.0
Poison Magic   | 1 2 3 4 5 6 |  6.0
Dodging        | 5 6 7 8 |  8.6
Stealth        | 5 6 7 8 |  8.4
Fire Magic     | 6 7 8 |  8.2

Action                     |  1- 3 |  4- 6 |  7- 9 | 10-12 || total
---------------------------+-------+-------+-------+-------++-------
  Melee: Unarmed           |     4 |       |       |       ||     4
         Broad axe         |     3 |     2 |    15 |    25 ||    45
         Bite              |       |     1 |     1 |     3 ||     5
         Punch             |       |       |       |     1 ||     1
         Demon trident     |       |       |       |     8 ||     8
   Cast: Foxfire           |   111 |    40 |   203 |   272 ||   626
         Scorch            |     2 |    20 |    87 |   139 ||   248
         Flame Wave        |       |       |    11 |    37 ||    48
  Evoke: Wand              |       |       |     5 |     2 ||     7
         Box of beasts     |       |       |       |     1 ||     1
    Use: Scroll            |       |     6 |     4 |    13 ||    23
         Potion            |       |     1 |     3 |    10 ||    14
   Stab: Sleeping          |       |       |       |     1 ||     1
 Armour: Robe              |    17 |     2 |    40 |    65 ||   124
  Dodge: Dodged            |    76 |    26 |   232 |   540 ||   874

Table legend: (Time is in decaauts)
 A = Elapsed time spent in this place.
 B = Non-inter-level travel time spent in this place.
 C = Inter-level travel time spent in this place.
 D = Time resting spent in this place.
 E = Time spent auto-exploring this place.
 F = Levels seen in this place.
 G = Mean time per level.
                   A        B        C        D        E       F      G
               +--------+--------+--------+--------+--------+-----+--------+
         Total |  23354 |  22596 |    758 |   5456 |  13919 |  16 | 1459.6 |
       Dungeon |  20231 |  19530 |    701 |   4922 |  12022 |  11 | 1839.2 |
        Temple |     25 |     25 |      0 |      0 |      0 |   1 |   25.0 |
          Lair |   2174 |   2118 |     56 |    510 |   1308 |   2 | 1087.0 |
         Sewer |    280 |    280 |      0 |      0 |    236 |   1 |  280.0 |
       Ossuary |    642 |    642 |      0 |     24 |    351 |   1 |  642.0 |
               +--------+--------+--------+--------+--------+-----+--------+

Top non-repeatable levels by time:
     D:6: 2828 daAuts
     D:8: 2531 daAuts
  Lair:1: 2168 daAuts
     D:5: 1963 daAuts
    D:10: 1940 daAuts
     D:9: 1898 daAuts
     D:3: 1887 daAuts
     D:1: 1878 daAuts
    D:11: 1839 daAuts
     D:2: 1298 daAuts
     D:4: 1128 daAuts
     D:7: 1035 daAuts
 Ossuary: 642 daAuts
   Sewer: 280 daAuts
  Temple: 25 daAuts
